 Dungeon Crawl Stone Soup version 0.30-a0-424-g7412bad402 (webtiles) character file.

Game seed: 2740491808921328860

53 Gildeon the Shooter (level 3, 0/20 HPs)
             Began as a Deep Elf Hunter on Dec 9, 2022.
             Frozen to death by an endoplasm (5 damage)
             ... on level 2 of the Dungeon.
             The game lasted 00:04:34 (1083 turns).

Gildeon the Shooter (Deep Elf Hunter)               Turns: 1083, Time: 00:04:34

Health: 0/20       AC: 10    Str:  8    XL:     3   Next: 62%
Magic:  5/5        EV: 13    Int: 13    God:
Gold:   108        SH:  0    Dex: 20    Spells: 2/2 levels left

rFire   . . .      SeeInvis .    j - +2 dagger (protect)
rCold   . . .      Faith    .    (no shield)
rNeg    . . .      Spirit   .    c - +0 leather armour
rPois   .          Reflect  .    (no helmet)
rElec   .          Harm     .    (no cloak)
rCorr   .          Rampage  .    (no gloves)
Will    .....                    (no boots)
Stlth   ++........               (no amulet)
HPRegen 0.23/turn                (no ring)
MPRegen 0.09/turn                (no ring)

@: under a protective aura
A: no striking features
a: no special abilities


You were on level 2 of the Dungeon.
You visited 1 branch of the dungeon, and saw 2 of its levels.

You collected 108 gold pieces.

Inventory:

Hand Weapons
 a - a +0 shortbow
 j - a +2 dagger of protection (weapon)
Armour
 c - a +0 leather armour (worn)
Scrolls
 b - a scroll of immolation
 d - a scroll of silence {unknown}
 e - a scroll of blinking {unknown}
 f - a scroll of noise {unknown}
 h - a scroll of teleportation {unknown}
 i - a scroll of poison {unknown}
 k - a scroll of fear {unknown}
Potions
 g - 2 potions of curing {unknown}
 l - a potion of haste {unknown}
 m - 2 potions of magic {unknown}
 n - a potion of lignification {unknown}


   Skills:
 - Level 1.5 Fighting
 + Level 6.0 Ranged Weapons
 + Level 3.4 Dodging
 + Level 2.9 Stealth


You had 2 spell levels left.
You didn't know any spells.
Your spell library was empty.

Dungeon Overview and Level Annotations

Branches:
Dungeon (2/15)

Altars:
Cheibriados
Fedhas


Message History

Aim: a goblin, wielding a +0 mace (58% to hit)
You shoot an arrow. The endoplasm quivers.
The arrow hits the goblin.
The goblin is severely wounded.
The goblin barely misses you.
The endoplasm hits you but does no damage.
The goblin hits you with a +0 mace.
Your +2 dagger of protection hums with potential!
j - a +2 dagger of protection (weapon)
There are monsters nearby!
You hit the goblin.
Your weapon exudes an aura of protection.
You kill the goblin!
The endoplasm freezes you.
You are frozen.
Your Ranged Weapons skill increases to level 6!
The endoplasm freezes you.
You are frozen.
Things that are here:
a +0 mace; 3 gold pieces; a goblin corpse The endoplasm attacks as you move away!
The endoplasm closely misses you. The endoplasm barely misses you.
You hit the endoplasm.
Your weapon exudes an aura of protection.
The endoplasm is lightly wounded.
The endoplasm freezes you.
You are frozen.
The endoplasm freezes you.
You are frozen.
The rat misses you. The endoplasm attacks as you move away!
The endoplasm closely misses you. The rat attacks as you move away!
The rat bites you.
* * * LOW HITPOINT WARNING * * *
The endoplasm jiggles.
The endoplasm barely misses you.
You hit the endoplasm but do no damage.
The endoplasm is lightly wounded.
The endoplasm freezes you.
You are frozen.
You die...

.........#.# #...
#.####.###.# #..# #.#
#.# #..# #.# #.# ##.)##
#.# #.# ###.... #.# #.#
..... # #.# #.# #..#
#.### #.# #.#
#.J##.....# #.# #.#
#####)J@.......
#.####.###.....r........
.............).........#
#......................#
##############.....#####
#######


You could see 2 endoplasms and a rat.

Vanquished Creatures
  A worm (D:2)
  3 dart slugs (D:1)
  6 bats (D:1)
  4 giant cockroaches (D:1)
  5 goblins
  3 hobgoblins (D:1)
  4 jackals (D:1)
  2 quokkas
  4 ball pythons (D:1)
  A frilled lizard (D:1)
  3 kobolds
  3 rats (D:1)
  A spectral kobold (D:1)
40 creatures vanquished.

Notes
Turn   | Place    | Note
-------+----------+-------------------------------------------
     0 | D:1      | Gildeon the Deep Elf Hunter began the quest for the Orb.
     0 | D:1      | Reached XP level 1. HP: 12/12 MP: 3/3
    66 | D:1      | Reached XP level 2. HP: 16/16 MP: 4/4
   316 | D:1      | Found a faded altar of an unknown god.
   369 | D:1      | You fall into a shaft and drop 1 floor!
   372 | D:2      | Found a snail-covered altar of Cheibriados.
   507 | D:1      | Reached XP level 3. HP: 20/20 MP: 5/5
   672 | D:1      | Found a blossoming altar of Fedhas.
  1079 | D:2      | Reached skill level 6 in Ranged Weapons
  1083 | D:2      | Frozen to death by an endoplasm

Illustrated notes

Levels and vault maps discovered:
D:1:      denvon_arrival_hothouse, layout_loops_corners,
          dreamdust_ecumenical_altar_drowned_temple, minmay_hexomino_r4
D:2:      layout_loops_ring, basic_altar, uniq_crazy_yiuf_cottage

Skill      XL: |  1  2  3 |
---------------+----------+-----
Stealth        | 2 |  2.9
Dodging        | 3 |  3.4
Ranged Weapons | 6 |  6.0
Fighting       | |  1.5

Action                   || total
-------------------------++-------
Melee: Hand axe          ||     1
       Dagger            ||    20
 Fire: Shortbow          ||    72
Armor: Leather armour    ||     9
Dodge: Dodged            ||    25

Table legend: (Time is in decaauts)
 A = Elapsed time spent in this place.
 B = Non-inter-level travel time spent in this place.
 C = Inter-level travel time spent in this place.
 D = Time resting spent in this place.
 E = Time spent auto-exploring this place.
 F = Levels seen in this place.
 G = Mean time per level.
                   A        B        C        D        E       F      G
               +--------+--------+--------+--------+--------+-----+--------+
         Total |   1103 |   1078 |     25 |      0 |    818 |   2 |  551.5 |
       Dungeon |   1103 |   1078 |     25 |      0 |    818 |   2 |  551.5 |
               +--------+--------+--------+--------+--------+-----+--------+

Top non-repeatable levels by time:
     D:1: 991 daAuts
     D:2: 112 daAuts
